 Dungeon Crawl Stone Soup version 0.27.1-2-g3b301248ec (webtiles) character file.

Game seed: 8172500502979502968

833 Borgoz the Skirmisher (level 7, -8/44 HPs)
             Began as a Gargoyle Gladiator on Sept 28, 2021.
             Mangled by a mummy (14 damage)
             ... in an ossuary.
             The game lasted 00:05:51 (5102 turns).

Borgoz the Skirmisher (Gargoyle Gladiator)          Turns: 5102, Time: 00:05:52

Health: -8/44      AC: 15    Str: 19    XL:     7   Next: 98%
Magic:  7/7        EV: 10    Int:  9    God:
Gold:   146        SH:  0    Dex: 11    Spells: 6/6 levels left

rFire    + . .     SeeInvis .   b - +5 whip
rCold    + . .     Faith    .   (no shield)
rNeg     + . .     Spirit   .   n - +0 scale mail
rPois    ∞         Reflect  .   c - +0 helmet
rElec    +         Harm     .   m - scarf {rC+ rF+}
rCorr    .         Rampage  .   k - +0 pair of gloves
Will     .....                  r - +0 pair of boots
Stlth    ..........             (no amulet)
HPRegen  0.14/turn              (no ring)
MPRegen  0.10/turn              (no ring)

@: no status effects
A: sickness immunity, AC +4, negative energy resistance 1, electricity
resistance, torment resistance 1, petrification resistance
a: no special abilities


You were in an ossuary.
You visited 1 branch of the dungeon, and saw 5 of its levels.
You also visited: Ossuary.

You collected 168 gold pieces.
You spent 22 gold pieces at shops.

Inventory:

Hand Weapons
 a - a +0 flail
 b - a +5 whip (weapon)
Armour
 c - a +0 helmet (worn)
 g - the +1 scale mail of Ziekhlaegg {rF- rC+++ Will+ Stlth+}
   (You found it on level 5 of the Dungeon)

   rF:        It makes you vulnerable to fire.
   rC:        It renders you almost immune to cold.
   Will:      It increases your willpower.
   Stlth:     It makes you more stealthy.
 k - a +0 pair of gloves (worn)
 m - a scarf of resistance (worn)
 n - a +0 scale mail (worn)
 r - a +0 pair of boots (worn)
Wands
 l - a wand of flame (14)
 o - a wand of iceblast (5)
 p - a wand of acid (11)
Scrolls
 h - a scroll of blinking
 i - 2 scrolls of teleportation {unknown}
 j - a scroll of holy word {unknown}
 t - a scroll of enchant armour {unknown}
 v - a scroll of noise {unknown}
Potions
 q - a potion of attraction


   Skills:
 * Level 5.4 Fighting
 * Level 5.4 Maces & Flails
 - Level 1.8 Throwing
 * Level 4.8 Armour
 + Level 3.6 Dodging


You had 6 spell levels left.
You didn't know any spells.
Your spell library contained the following spells:

 Spells                   Type           Power      Damage    Failure   Level
 Foxfire                  Conj/Fire      0%         2x1d4     75%         1
 Freeze                   Ice            0%         1d3       75%         1
 Conjure Flame            Conj/Fire      0%         6-21      98%         3
 Frozen Ramparts          Ice            0%         1d2       98%         3
 Inner Flame              Hex/Fire       0%         N/A       98%         3
 Hailstorm                Conj/Ice       0%         3d3       100%        4


Dungeon Overview and Level Annotations

Branches:
Dungeon (5/15)            Ossuary (1/1)
 Temple: D:4-7

Altars:
Cheibriados
Wu Jian
Beogh

Shops:
D:5 *


Innate Abilities, Weirdness & Mutations

You are immune to sickness and miasma.
Your stone body is resilient. (AC +4)
You are immune to poison.
You resist negative energy. (rN+)
You are resistant to electric shocks. (rElec)
You are resistant to unholy torment.
You are immune to petrification.


Message History

The human zombie hits you.
* * * LOW HITPOINT WARNING * * *
You hit the human zombie.
The human zombie is moderately damaged.
You closely miss the human zombie.
The human zombie is moderately damaged.
The human zombie hits you but does no damage.
You whack the human zombie!
The human zombie is heavily damaged.
The human zombie barely misses you.
You whack the human zombie!
The human zombie is severely damaged.
You hit the human zombie but do no damage.
The human zombie is severely damaged.
The human zombie barely misses you.
You whack the human zombie!
The human zombie is almost destroyed.
The human zombie hits you but does no damage.
You hit the human zombie.
You destroy the human zombie!
The mummy hits you.
* * * LOW HITPOINT WARNING * * *
You see here a scroll of identify.
You see here 2 scrolls labelled BUIXTE HUDI.
Throw: throwing net
Press: ? - help, Q - select action, (/) - cycle Shift-Dir - straight line, f - mummy
Aim: a mummy (73% to hit)
You throw a throwing net.
The throwing net closely misses the mummy.
Okay, then.
Okay, then.
You hit the mummy.
The mummy is lightly damaged.
The mummy barely misses you.
You hit the mummy.
The mummy is moderately damaged.
You hit the mummy.
The mummy is severely damaged.
The mummy hits you!
You die...

################
∩...........#@?#
..........M#M?#
#####........ZM###
..............ZZ.#
..................#
...........##.....#
...........##.....#
..................#
....Z.M.M.........#


You could see 3 mummies, a hound zombie, an elf zombie and a human zombie.

Vanquished Creatures
  Grinder (D:3)
  Eustachio (D:4)
  The ghost of YannSP the Digger, an amateur GrEE (D:3)
  An elf zombie (Ossuary)
  A hound (D:2)
  2 human zombies (Ossuary)
  An orc priest (D:3)
  Jessica (D:2)
  Terence (D:3)
  Ijyb (D:3)
  A hound skeleton (D:4)
  2 mummies
  5 adders
  A shadow imp (D:3)
  An adder zombie (Ossuary)
  2 worms
  2 dart slugs
  9 orcs (D:3)
  5 endoplasms
  5 goblins
  4 hobgoblins
  3 jackals (D:2)
  4 quokkas
  A ball python (D:2)
  9 bats
  3 frilled lizards (D:1)
  A gnoll zombie (Ossuary)
  A goblin zombie (Ossuary)
  A hobgoblin zombie (Ossuary)
  3 kobolds
  2 orc zombies (Ossuary)
  2 rats
78 creatures vanquished.

Notes
Turn   | Place    | Note
-------+----------+-------------------------------------------
     0 | D:1      | Borgoz the Gargoyle Gladiator began the quest for the Orb.
     0 | D:1      | Reached XP level 1. HP: 12/12 MP: 1/1
   202 | D:1      | Reached XP level 2. HP: 16/18 MP: 2/2
   559 | D:1      | Reached skill level 1 in Armour
  1180 | D:2      | Reached XP level 3. HP: 22/22 MP: 3/3
  1288 | D:2      | Found a faded altar of an unknown god.
  1390 | D:2      | Reached XP level 4. HP: 9/28 MP: 4/4
  1963 | D:2      | Noticed Jessica
  1967 | D:2      | Killed Jessica
  2616 | D:3      | Reached XP level 5. HP: 5/32 MP: 5/5
  2616 | D:3      | HP: 1/32 [frozen (4)]
  3345 | D:3      | Noticed Grinder
  3347 | D:3      | Paralysed by Grinder for 3 turns
  3354 | D:3      | Paralysed by Grinder for 5 turns
  3370 | D:3      | Paralysed by Grinder for 5 turns
  3381 | D:3      | Paralysed by Grinder for 5 turns
  3389 | D:3      | Killed Grinder
  3390 | D:3      | Reached XP level 6. HP: 3/39 MP: 6/6
  3686 | D:3      | Found a runed translucent gate.
  3687 | D:3      | Found a runed translucent gate.
  3687 | D:3      | Found a runed translucent gate.
  3688 | D:3      | Noticed YannSP's ghost (amateur GrEE)
  3778 | D:3      | Noticed Ijyb
  3787 | D:3      | Killed Ijyb
  3913 | D:3      | Found an ornate altar of the Wu Jian Council.
  3913 | D:3      | Noticed Terence
  3923 | D:3      | Killed Terence
  4099 | D:3      | Killed YannSP's ghost
  4100 | D:3      | Reached XP level 7. HP: 22/44 MP: 7/7
  4438 | D:4      | Noticed Eustachio
  4456 | D:4      | Killed Eustachio
  4457 | D:4      | Reached skill level 5 in Fighting
  4457 | D:4      | Reached skill level 5 in Maces & Flails
  4929 | D:5      | Entered Level 5 of the Dungeon
  4955 | D:5      | Found a snail-covered altar of Cheibriados.
  4966 | D:5      | Identified the +1 scale mail of Ziekhlaegg {rF- rC+++ Will+
                  | Stlth+}
  4980 | D:5      | Found Ponaseil's General Store.
  4988 | D:5      | Bought a scroll of identify for 22 gold pieces
  4998 | D:5      | Found a sand-covered staircase.
  5008 | Ossuary  | Entered an ossuary
  5046 | Ossuary  | HP: 1/44 [human zombie (3)]
  5102 | Ossuary  | Mangled by a mummy

Illustrated notes

Levels and vault maps discovered:
D:1:      elethiomel_arrival_quiet, layout_basic
D:2:      layout_loops_ring, hellmonk_ecumenical_altar_dog_temple, uniq_jessica
D:3:      layout_rooms, pdpol_wu_jian_five_deadly_venoms,
          biasface_ghost_orc_armoury, uniq_ijyb, uniq_terence, uniq_grinder
D:4:      layout_loops_ring, minmay_misc_feat_five, uniq_eustachio
D:5:      layout_gridville, mainiacjoe_overflow_tiny_flanked, lemuel_tele_altar,
          minmay_temple_entry_proselytizer, serial_shops, shop,
          gup_ossuary_entry_pyramid
Ossuary:  ossuary_minmay_tomb_2a

Skill      XL: |  1  2  3  4  5  6  7 |
---------------+----------------------+-----
Armour         | 1 2 3 4 |  4.8
Fighting       | 3 4 5 |  5.4
Maces & Flails | 4 5 |  5.4
Dodging        | 3 |  3.6
Throwing       | |  1.8

Action                   |  1- 3 |  4- 6 |  7- 9 || total
-------------------------+-------+-------+-------++-------
Melee: Flail             |    90 |   146 |    26 ||   262
       Whip              |       |       |   111 ||   111
Throw: Throwing net      |     1 |     2 |     2 ||     5
Evoke: Wand              |       |       |     4 ||     4
  Use: Scroll            |       |     1 |     5 ||     6
       Potion            |       |     3 |     4 ||     7
 Stab: Held in net/web   |       |     1 |       ||     1
Armor: Leather armour    |    55 |     2 |       ||    57
       Ring mail         |       |    40 |       ||    40
       Scale mail        |       |    39 |   128 ||   167
Dodge: Dodged            |    81 |    87 |   121 ||   289
